 Dungeon Crawl Stone Soup version 0.30.0-29-ga12c61a403 (webtiles) character file.

Game seed: 16379930472377796202

153 GimliDwarf the Gusty (level 5, -3/28 HPs)
             Began as a Tengu Air Elementalist on June 5, 2023.
             Slain by Dowan
             ... wielding a +1 dagger of freezing
              (6 damage)
             ... on level 3 of the Dungeon.
             The game lasted 00:11:37 (3593 turns).

GimliDwarf the Gusty (Tengu Air Elementalist)       Turns: 3593, Time: 00:11:38

Health: -3/28      AC:  3    Str:  8    XL:     5   Next: 35%
Magic:  19/19      EV: 14    Int: 17    God:
Gold:   115        SH:  0    Dex: 15    Spells: 2/9 levels left

rFire   . . .        c - staff of air
rCold   . . .        (no shield)
rNeg    . . .        a - +1 robe
rPois   .            (helmet restricted)
rElec   +            (no cloak)
rCorr   .            (no gloves)
SInv    .            (boots unavailable)
Will    +....        (no amulet)
Stlth   +            g - ring of willpower
HPRegen 0.24/turn    m - ring of magical power
MPRegen 0.16/turn

%: no passive effects
@: about to teleport, silenced, flying quickly and evasively, quick
A: beak, talons 3, nimble flight
a: no special abilities


You were on level 3 of the Dungeon.
You visited 1 branch of the dungeon, and saw 4 of its levels.

You collected 115 gold pieces.

Inventory:

Missiles
 e - 4 poisoned darts
Armour
 a - a +1 robe (worn)
Magical Staves
 c - a staff of air (weapon)
Jewellery
 g - a ring of willpower (left hand)
 m - a ring of magical power (right hand)
 s - a ring of protection from cold
Wands
 k - a wand of paralysis (11)
 q - a wand of iceblast (5)
Scrolls
 h - a scroll of enchant armour
 n - a scroll of silence
 o - a scroll of noise {unknown}
Potions
 b - a potion of magic
 d - a potion of haste
 f - a potion of resistance
 j - a potion of invisibility {unknown}
 p - a potion of curing {unknown}
 r - a potion of brilliance {unknown}


   Skills:
 - Level 0.2 Fighting
 - Level 2.1 Dodging
 - Level 2.0 Stealth
 + Level 2.7 Spellcasting
 * Level 3.7 Conjurations
 + Level 5.2 Air Magic
 * Level 2.0 Evocations


You had 2 spell levels left.
You knew the following spells:

 Your Spells              Type           Power      Damage    Failure   Level
a - Shock                 Conj/Air       100%       1d9       2%          1
b - Static Discharge      Conj/Air       52%        2-5/arc   4%          2
c - Airstrike             Air            15%        2d(3-19)  21%         4

Your spell library contained the following spells:

 Spells                   Type           Power      Damage    Failure   Level
 Swiftness                Air            30%        N/A       6%          3
 Call Canine Familiar     Summ           2%         N/A       47%         3
 Frozen Ramparts          Ice            4%         1d1       47%         3
 Portal Projectile        Hex/Tloc       4%         N/A       47%         3
 Ice Form                 Ice/Tmut       2%         N/A       87%         4
 Leda's Liquefaction      Hex/Erth       1%         N/A       87%         4
 Summon Ice Beast         Ice/Summ       2%         N/A       87%         4


Dungeon Overview and Level Annotations

Branches:
Dungeon (4/15)
 Temple: D:4-7

Altars:

Shops:
D:2 [(*:

Annotations:
D:3 Dowan, Duvessa


Innate Abilities, Weirdness & Mutations

You have a beak for a mouth.
You have claws for feet.
Your magical nature lets you fly swiftly and evasively.


Message History

You fly upwards.
There is a stone staircase leading down here.
Magic restored.
There is a stone staircase leading up here.
There is a stone staircase leading down here.
You fly downwards.
You hear the sound of rushing water.
There is an entrance to a sewer on this level.
Hurry and find it before the portal rusts away!
You hear the slow rusting of a drain very nearby.
Duvessa shouts!
Dowan hits you with a +1 dagger of freezing.
Dowan freezes you. Duvessa completely misses you.
Found a stone staircase leading down.
There is a stone staircase leading up here.
Dowan hits you with a +1 dagger of freezing.
Dowan freezes you. Duvessa barely misses you.
You fly upwards.
There is a stone staircase leading down here.
Okay, then.
Unknown command.
As you read the scroll of teleportation, it crumbles to dust.
You feel strangely unstable.
Duvessa says, "When magic and the sword combine, nothing stands against them."
Duvessa hits you with a +0 rapier.
Dowan points at you and mumbles some strange words.
The puff of frost misses you.
The puff of frost hits Duvessa but does no damage.
As you read the scroll of silence, it crumbles to dust.
A profound silence engulfs you. Duvessa hits you with a +0 rapier.
Dowan hits you with a +1 dagger of freezing.
* * * LOW HITPOINT WARNING * * *
Dowan freezes you.
* * * LOW HITPOINT WARNING * * *
Unknown command.
You hit Duvessa. Your peck misses Duvessa. You punch Duvessa, but do no damage.
Duvessa is lightly wounded.
Duvessa hits you with a +0 rapier.
* * * LOW HITPOINT WARNING * * *
Dowan hits you with a +1 dagger of freezing.
You die...

.##.# #.# #..#
#.## .##.# #.#
#####..# #...
###.#######.#
#......# #..#
#..........#
#.###.#########..#
#.####.##..#
#.##.............#
#.# #.##..#
#.##.............#
#.# #.##..#
#.......#######.##
#.# #.##..#
#e#####..<.# #.#
#.# #.....# #@#
#.##.# #.# #)#
#..#.## #e#
#....####.## #.#
#..#.# #.#
#.#......>.. #.#
#..#.#
#.#####.##.####.##
#.####..#.#
#.......##.# #.#
##....g....#
##.#)#####.####.#
.........######
#.#............#
..............#
#.#######.####.#
########.####.#
#.#######.####.#


You could see Duvessa and Dowan.

Vanquished Creatures
  Ijyb (D:3)
  5 adders
  A worm (D:2)
  5 orcs
  4 bats
  5 endoplasms
  3 giant cockroaches (D:3)
  5 goblins
  6 hobgoblins
  12 jackals
  A quokka (D:1)
  4 ball pythons
  4 frilled lizards
  5 kobolds
  6 rats
67 creatures vanquished.

Notes
Turn   | Place    | Note
-------+----------+-------------------------------------------
     0 | D:1      | GimliDwarf the Tengu Air Elementalist began the quest for
                  | the Orb.
     0 | D:1      | Reached XP level 1. HP: 10/10 MP: 4/4
   318 | D:1      | Reached XP level 2. HP: 15/15 MP: 4/6
   321 | D:1      | Learned a level 2 spell: Static Discharge
   801 | D:1      | You fall into a shaft and drop 1 floor!
  1275 | D:2      | Reached XP level 3. HP: 19/19 MP: 1/7
  1279 | D:2      | Reached skill level 1 in Evocations
  1422 | D:2      | Found Los Jofa's Armour Shoppe.
  1831 | D:2      | Found Itty's Book Emporium.
  1915 | D:2      | Found Byxaq's Assorted Antiques.
  1931 | D:2      | Reached XP level 4. HP: 24/24 MP: 2/8
  2158 | D:2      | Found Obbest's Weapon Shop.
  2255 | D:2      | Learned a level 4 spell: Airstrike
  2660 | D:3      | Reached skill level 5 in Air Magic
  2924 | D:3      | Gained mutation: Your magical nature lets you fly swiftly
                  | and evasively. [Tengu growth]
  2924 | D:3      | Reached XP level 5. HP: 28/28 MP: 7/9
  3232 | D:3      | Noticed Ijyb
  3251 | D:3      | Killed Ijyb
  3537 | D:4      | Noticed a phantom
  3588 | D:4      | Noticed Duvessa
  3588 | D:4      | Noticed Dowan
  3593 | D:3      | Slain by Dowan

Illustrated notes

Levels and vault maps discovered:
D:1:      dpeg_arrival_oval, layout_loops_corners
D:2:      layout_loops_ring, serial_shops, shop, nicolae_shop_peninsula,
          nicolae_shop_crystal, shop
D:3:      layout_loops_ring, uniq_ijyb
D:4:      layout_loops_corners, lemuel_mausoleum_altar_kikubaaqudgha,
          portal_sewer_entry_b, uniq_edmund, uniq_pikel, uniq_duvessa,
          uniq_eustachio

Skill      XL: |  1  2  3  4  5 |
---------------+----------------+-----
Conjurations   | 2 3 |  3.7
Evocations     | 1 2 |  2.0
Air Magic      | 5 |  5.2
Fighting       | |  0.2
Dodging        | |  2.1
Stealth        | |  2.0
Spellcasting   | |  2.7

Action                     |  1- 3 |  4- 6 || total
---------------------------+-------+-------++-------
  Melee: Staff             |     4 |     4 ||     8
         Kick              |     1 |     1 ||     2
         Punch             |       |     1 ||     1
   Cast: Shock             |    70 |    51 ||   121
    Use: Scroll            |     6 |     7 ||    13
 Armour: Robe              |     6 |       ||     6
  Dodge: Dodged            |    13 |    11 ||    24
